 Dungeon Crawl Stone Soup version 0.30.1-9-gdf580d7c3d (webtiles) character file.

Game seed: 18182990754276326905

755 Vatis the Cudgeller (level 7, -10/61 HPs)
             Began as a Minotaur Berserker on Sept 28, 2023.
             Was an Initiate of Qazlal.
             Mangled by a polar bear (21 damage)
             ... created by the rage of Trog
             ... on level 6 of the Dungeon.
             The game lasted 00:17:22 (2539 turns).

Vatis the Cudgeller (Minotaur Berserker)            Turns: 2539, Time: 00:17:23

Health: -10/61     AC: 11    Str: 23    XL:     7   Next: 49%
Magic:  6/6        EV:  9    Int:  4    God:    Qazlal [......]
Gold:   163        SH:  5    Dex: 10    Spells: 6/6 levels left

rFire   . . .        z - +3 hand axe
rCold   . . .        (no shield)
rNeg    . . .        A - +0 chain mail
rPois   .            (helmet restricted)
rElec   .            n - +0 cloak
rCorr   .            (no gloves)
SInv    .            (no boots)
Will    .....        m - amulet of reflection Stlth
                     (no ring)
HPRegen 0.30/turn    (no ring)
MPRegen 0.10/turn

%: reflection
@: slowed, very slow
A: horns 2, retaliatory headbutt
a: Renounce Religion


You were on level 6 of the Dungeon.
You worshipped Qazlal.
Qazlal was noncommittal.
You visited 1 branch of the dungeon, and saw 4 of its levels.

You collected 163 gold pieces.

Inventory:

Hand Weapons
 a - a +1 mace
 z - a +3 hand axe (weapon)
Missiles
 c - 6 silver javelins
 q - 5 poisoned darts (quivered)
 x - 3 silver boomerangs
 B - 3 javelins
 D - 3 atropa-tipped darts
Armour
 b - a +0 animal skin
 e - a +0 chain mail
 n - a +0 cloak (worn)
 A - a +0 chain mail (worn)
Jewellery
 m - an amulet of reflection (around neck)
 y - an amulet of magic regeneration
Wands
 t - a wand of iceblast (6)
Scrolls
 d - 5 scrolls of identify
 i - a scroll of vulnerability
 j - a scroll of teleportation {unknown}
 k - 2 scrolls of immolation {unknown}
 l - a scroll of brand weapon {unknown}
 u - a scroll of fog {unknown}
 v - a scroll of poison {unknown}
 w - a scroll of amnesia {unknown}
Potions
 g - 2 potions of ambrosia {unknown}
 h - 2 potions of curing
 o - 2 potions of resistance
 p - a potion of haste {unknown}
 r - a potion of flight {unknown}
 s - a potion of berserk rage {unknown}
 C - a potion of attraction {unknown}


   Skills:
 + Level 5.3 Fighting
 + Level 1.6(4.7) Axes
 + Level 7.1(7.2) Maces & Flails
 + Level 0.1 Throwing
 + Level 5.6 Armour
 + Level 3.2 Dodging
 + Level 1.2 Stealth
 + Level 1.7 Shields


You had 6 spell levels left.
You didn't know any spells.
Your spell library was empty.

Dungeon Overview and Level Annotations

Branches:
Dungeon (6/15)
 Temple: D:4-7

Altars:
Qazlal


Innate Abilities, Weirdness & Mutations

You have a pair of horns on your head.
You reflexively headbutt those who attack you in melee.


Message History

2 polar bears and 5 black bears come into view.
Okay, then.
You hit the black bear. Your headbutt misses the black bear.
The black bear is lightly wounded.
You slash the black bear! You closely miss the black bear.
You barely miss the black bear.
You hit the polar bear but do no damage.
You hit the black bear. Your headbutt misses the black bear.
The black bear is moderately wounded.
You barely miss the black bear. You hit the polar bear.
You hit the black bear. x2
The black bear bites you but does no damage.
The black bear barely misses you.
The black bear claws you but does no damage.
You block the polar bear's attack. The polar bear claws you.
The polar bear closely misses you. The black bear barely misses you. x2
The black bear claws you but does no damage.
The polar bear rages.
The black bear bites you.
The black bear claws you but does no damage. x2
The black bear bites you. The black bear claws you.
The black bear claws you but does no damage.
The black bear barely misses you. x2; The black bear closely misses you.
The polar bear bites you! The polar bear claws you.
* * * LOW HITPOINT WARNING * * *
You block the polar bear's attack. The black bear barely misses you.
You furiously retaliate!
You headbutt the black bear!
The black bear claws you but does no damage.
The black bear closely misses you. The black bear bites you!
* * * LOW HITPOINT WARNING * * *
The black bear claws you but does no damage.
The black bear closely misses you.
You closely miss the polar bear. You headbutt the polar bear!
The polar bear is lightly wounded.
You slash the black bear! You hit the black bear.
You hit the polar bear but do no damage.
You hit the black bear. You barely miss the black bear. You hit the black bear.
The black bear bites you but does no damage.
The black bear claws you but does no damage.
The black bear barely misses you. The polar bear bites you!!
You die...

######### ######## ##.......#
#....... .........# #.#.....
#........# ##### #.#...##
##.......######hhh########.#...#E
#.......'....)h@h'............##
#.......######h.h#######........
######### ######## #..###...
#....# #..# ##.. #....# #..# ###
#....# #..#####E #....# #..#...##
#....# #..#.#.##
#....####....#.#.


You could see 2 polar bears and 5 black bears.

Vanquished Creatures
  The ghost of lonewolfV2 the Chopper, an amateur FoFi (D:3)
  A bullfrog (D:6)
  A scorpion (D:6)
  3 wights (D:6)
  A howler monkey (D:6)
  2 hounds (D:6)
  An orc priest (D:6)
  2 orc wizards (D:6)
  2 adders (D:3)
  A shadow imp (D:6)
  3 worms (D:2)
  7 orcs (D:3)
  6 endoplasms
  A giant cockroach (D:3)
  2 goblins (D:1)
  6 hobgoblins
  6 jackals
  4 quokkas
  3 ball pythons
  4 bats
  2 frilled lizards
  7 kobolds
  8 rats
74 creatures vanquished.

Notes
Turn   | Place    | Note
-------+----------+-------------------------------------------
     0 | D:1      | Vatis the Minotaur Berserker began the quest for the Orb.
     0 | D:1      | Reached XP level 1. HP: 19/19 MP: 0/0
    59 | D:1      | Reached XP level 2. HP: 18/27 MP: 1/1
   127 | D:1      | Reached skill level 4 in Maces & Flails
   883 | D:1      | Reached XP level 3. HP: 33/33 MP: 2/2
   939 | D:2      | Reached ** piety under Trog
  1620 | D:2      | Found a faded altar of an unknown god.
  1802 | D:3      | Reached XP level 4. HP: 38/41 MP: 3/3
  1879 | D:3      | Reached skill level 5 in Maces & Flails
  1960 | D:3      | Found a large runed translucent door.
  1963 | D:3      | Found a large runed translucent door.
  1964 | D:3      | Noticed lonewolfV2's ghost (amateur FoFi)
  2001 | D:3      | Killed lonewolfV2's ghost
  2002 | D:3      | Reached skill level 6 in Maces & Flails
  2002 | D:3      | Reached skill level 1 in Shields
  2002 | D:3      | Reached XP level 5. HP: 21/47 MP: 4/4
  2002 | D:3      | Reached XP level 6. HP: 25/55 MP: 5/5
  2038 | D:3      | You fall into a shaft and drop 3 floors!
  2208 | D:6      | Reached skill level 5 in Fighting
  2210 | D:6      | Reached skill level 5 in Armour
  2306 | D:6      | Reached XP level 7. HP: 59/61 MP: 6/6
  2323 | D:6      | Found a stormy altar of Qazlal.
  2324 | D:6      | Noticed a fire elemental
  2326 | D:6      | Noticed a water elemental
  2326 | D:6      | Noticed an air elemental
  2331 | D:6      | Fell from the grace of Trog
  2331 | D:6      | Became a worshipper of Qazlal Stormbringer
  2337 | D:6      | Reached skill level 1 in Axes
  2443 | D:6      | Reached skill level 7 in Maces & Flails
  2479 | D:6      | Reached skill level 1 in Stealth
  2537 | D:6      | Noticed a polar bear
  2537 | D:6      | Noticed a polar bear
  2539 | D:6      | Mangled by a polar bear

Illustrated notes

Levels and vault maps discovered:
D:1:      dpeg_arrival_leaves_temple_mockup, layout_basic
D:2:      layout_loops_ring, shapermc_ecumenical_altar_hornbeckon,
          minmay_hexomino_p4
D:3:      layout_loops_ring, ebering_ghost_disaster_area, minmay_cut_off
D:6:      layout_basic, nicolae_qazlal_style_of_elements, grunt_ministairs_6

Skill      XL: |  1  2  3  4  5  6  7 |
---------------+----------------------+-----
Maces & Flails | 4 6 7 |  7.1
Fighting       | 4 5 |  5.3
Armour         | 3 4 5 |  5.6
Shields        | 1 |  1.7
Dodging        | 3 |  3.2
Axes           | 1 |  1.6
Stealth        | 1 |  1.2
Throwing       | |  0.1

Action                     |  1- 3 |  4- 6 |  7- 9 || total
---------------------------+-------+-------+-------++-------
  Melee: Mace              |   117 |    62 |       ||   179
         Headbutt          |    16 |    14 |     4 ||    34
         Hand axe          |       |    23 |    23 ||    46
         Punch             |       |     1 |       ||     1
  Throw: Dart              |     1 |       |       ||     1
 Invoke: Berserk           |     1 |       |       ||     1
    Use: Potion            |     1 |     4 |     1 ||     6
         Scroll            |       |     5 |       ||     5
 Armour: Animal skin       |     4 |       |       ||     4
         Chain mail        |    49 |    25 |    23 ||    97
  Dodge: Dodged            |    74 |    31 |    22 ||   127
  Block: Other             |     6 |    14 |     4 ||    24
